 Dungeon Crawl Stone Soup version 0.31.0-32-g396128a36d (webtiles) character file.

Game seed: 4371977939357102060

296 Ijustatesigmund the Conjurer (level 6, 0/42 HPs)
             Began as an Octopode Conjurer on Mar 22, 2024.
             Slain by an orc
             ... wielding a +0 flail
              (4 damage)
             ... on level 3 of the Dungeon.
             The game lasted 00:05:25 (3395 turns).

Ijustatesigmund the Conjurer (Octopode Conjurer)    Turns: 3395, Time: 00:05:26

Health: 0/42       AC:  1    Str:  7    XL:     6   Next: 35%
Magic:  11/11      EV: 13    Int: 22    God:
Gold:   139        SH:  0    Dex: 10    Spells: 5/12 levels left

rFire   . . .        b - +1 hand axe (vamp)
rCold   . . .        (no shield)
rNeg    . . .        (helmet restricted)
rPois   .            (no amulet)
rElec   .            (no ring)
rCorr   .            (no ring)
SInv    .            (no ring)
Will    .....        (no ring)
Stlth   +++          (no ring)
HPRegen 0.27/turn    (no ring)
MPRegen 0.12/turn    (no ring)
                     (no ring)

%: no passive effects
@: hasted, very quick
A: almost no armour, amphibious, 8 rings, camouflage 1, gelatinous body 1,
(nimble swimmer 1), tentacles
a: no special abilities


You were on level 3 of the Dungeon.
You visited 1 branch of the dungeon, and saw 3 of its levels.
You also visited: Sewer.

You collected 139 gold pieces.

Inventory:

Hand Weapons
 b - a +1 vampiric hand axe (weapon)
Wands
 e - a wand of charming (5)
Scrolls
 d - a scroll of enchant weapon
 g - a scroll of enchant armour
Potions
 a - a potion of magic
 c - a potion of ambrosia {unknown}


   Skills:
 - Level 3.2 Fighting
 + Level 0.0 Axes
 - Level 2.0 Dodging
 - Level 2.6 Stealth
 + Level 3.8 Spellcasting
 - Level 5.2 Conjurations
 + Level 1.1 Translocations


You had 5 spell levels left.
You knew the following spells:

 Your Spells              Type           Power      Damage    Failure   Level
a - Magic Dart            Conj           100%       1d8       1%          1
b - Searing Ray           Conj           54%        2d6       1%          2
c - Iskenderun's Mystic   Conj/Tloc      18%        2d6       30%         4

Your spell library contained the following spells:

 Spells                   Type           Power      Damage    Failure   Level
 Momentum Strike          Conj/Tloc      36%        3d9       4%          2
 Blink                    Tloc           18%        N/A       11%         2
 Lesser Beckoning         Tloc           18%        N/A       11%         2
 Ensorcelled Hibernation  Hex/Ice        8%         N/A       17%         2
 Passwall                 Erth           4%         N/A       34%         3
 Swiftness                Air            4%         N/A       34%         3
 Fulminant Prism          Conj/Alch      7%         3d6       36%         4


Dungeon Overview and Level Annotations

Branches:
Dungeon (3/15)              Sewer (visited)

Altars:
Gozag
Kikubaaqudgha
Wu Jian


Innate Abilities, Weirdness & Mutations

You cannot wear most types of armour.
You are amphibious.
You can wear up to eight rings at the same time.
Your skin changes colour to match your surroundings (Stealth+).
Your rubbery body absorbs attacks. (AC +1, EV +1)
((You are camouflaged when in or above water. (Stealth+)))
You have tentacles for arms and can constrict up to eight enemies at once.


Message History

A white imp comes into view.
Found a flail.
No target in view!
A rat and a hobgoblin come into view.
The white imp shouts, "Away with thee, thou pottle-deep mumble-news scavenger!"
The rat squeaks loudly.
You hear a shout!
The white imp gestures at you. The puff of frost hits you!
The rat moves out of view.
The hobgoblin shouts!
The rat barely misses you.
You hit the rat but do no damage. You grab the rat. You constrict the rat.
The white imp gestures at you. The puff of frost hits you! The rat bites you.
The rat misses you.
You hit the rat.
You kill the rat!
You closely miss the white imp. The white imp gestures at you.
The puff of frost hits you!
* * * LOW HITPOINT WARNING * * *
A kobold comes into view.
It is wielding a +2 hand axe of flaming.
You feel yourself speed up. The white imp barely misses you.
The hobgoblin barely misses you.
The hobgoblin attacks as it pursues you!
The hobgoblin closely misses you.
An orc comes into view. It is wielding a +0 flail.
There is an open door here.
The orc misses you.
You hit the orc but do no damage. You grab the orc.
You squeeze the orc, but do no damage.
You constrict the orc, but do no damage.
The orc hits you with a +0 flail.
* * * LOW HITPOINT WARNING * * *
You hit the orc but do no damage.
You constrict the orc, but do no damage.
The orc hits you with a +0 flail.
* * * LOW HITPOINT WARNING * * *
You hit the orc.
The orc is lightly wounded.
You constrict the orc. The orc hits you with a +0 flail.
You die...

#........## # ..#.####.#
####.##### ###... #.#
#.)......# #.##..####'##
#.......<# ............##
#..#..#..# #....###.....## ##
#..# #......##.....## # ...#
........#......####..## .#..#
#....†.##.K.5.g'@o....#.....#
#....###.......###...... ..##
)...K.........## #.#.#####
#)##..##.....## # #
#..####...## ...## ##'## .###
#.# #.# #.#


You could see a white imp, an orc, a hobgoblin and a kobold.

Vanquished Creatures
  A crocodile (Sewer)
  A brain worm (Sewer)
  3 adders (D:3)
  3 gnolls (D:3)
  A river rat (D:3)
  2 ufetubi (D:3)
  A dart slug (D:3)
  2 ribbon worms
  7 orcs (D:3)
  7 bats
  5 endoplasms
  2 giant cockroaches (D:1)
  3 hobgoblins
  7 jackals (D:3)
  2 quokkas (D:2)
  2 ball pythons
  3 goblins
  3 kobolds
  8 rats
63 creatures vanquished.

Notes
Turn   | Place    | Note
-------+----------+-------------------------------------------
     0 | D:1      | Ijustatesigmund the Octopode Conjurer began the quest for
                  | the Orb.
     0 | D:1      | Reached XP level 1. HP: 11/11 MP: 3/3
     6 | D:1      | Noticed a wyvern
     6 | D:1      | Noticed a snapping turtle
     6 | D:1      | Noticed a boulder beetle
     7 | D:1      | Noticed a polar bear
     7 | D:1      | Noticed a black mamba
   587 | D:1      | You fall into a shaft and drop 1 floor!
   730 | D:1      | Reached XP level 2. HP: 18/18 MP: 0/5
   947 | D:2      | Found the +5 moon troll leather armour {Spirit, Regen++
                  | MP+5}
  1061 | D:2      | Reached skill level 1 in Fighting
  1221 | D:2      | Found an opulent altar of Gozag.
  1656 | D:2      | Reached XP level 3. HP: 23/23 MP: 1/6
  1969 | D:3      | Noticed an eye of devastation
  1971 | D:3      | Found a faded altar of an unknown god.
  1973 | D:3      | Noticed a shining eye
  1973 | D:3      | Noticed a shining eye
  1973 | D:3      | Noticed a glass eye
  2135 | D:3      | Found an ancient bone altar of Kikubaaqudgha.
  2152 | D:3      | Found an opulent altar of Gozag.
  2171 | D:3      | Found an opulent altar of Gozag.
  2176 | D:3      | Found an opulent altar of Gozag.
  2216 | D:3      | Reached XP level 4. HP: 18/29 MP: 8/8
  2229 | D:3      | Found an ornate altar of the Wu Jian Council.
  2233 | D:3      | Found a glowing drain.
  2258 | Sewer    | Entered a sewer
  2435 | Sewer    | Noticed a brain worm
  2445 | Sewer    | Killed a brain worm
  2446 | Sewer    | Reached XP level 5. HP: 17/35 MP: 9/9
  2725 | Sewer    | Noticed a crocodile
  2752 | Sewer    | Killed a crocodile
  2753 | Sewer    | Reached skill level 5 in Conjurations
  2753 | Sewer    | Reached XP level 6. HP: 11/42 MP: 3/11
  3061 | D:3      | Learned a level 2 spell: Searing Ray
  3066 | D:3      | Learned a level 4 spell: Iskenderun's Mystic Blast
  3298 | D:3      | Reached skill level 1 in Translocations
  3395 | D:3      | Slain by an orc

Illustrated notes

Levels and vault maps discovered:
D:1:      onia_arrival_zoo_common, layout_basic
D:2:      layout_rooms, basic_altar
D:3:      layout_loops_corners, lemuel_doored_altar,
          nicolae_gozag_conspicuous_consumption, amcnicky_altar_gilded,
          hellmonk_ecumenical_altar_watching_god, portal_sewer_entry_a,
          amcnicky_mini_corridor_feature, minmay_three_crescents

Skill      XL: |  1  2  3  4  5  6 |
---------------+-------------------+-----
Fighting       | 1 2 3 |  3.2
Spellcasting   | 3 |  3.8
Conjurations   | 5 |  5.2
Translocations | 1 |  1.1
Dodging        | |  2.0
Stealth        | |  2.6

Action                     |  1- 3 |  4- 6 || total
---------------------------+-------+-------++-------
  Melee: Short sword       |    25 |    53 ||    78
         Constrict         |     6 |    13 ||    19
         Tentacles         |     6 |    11 ||    17
         Unarmed           |     1 |       ||     1
         Punch             |     1 |       ||     1
         Hand axe          |       |     7 ||     7
   Cast: Magic Dart        |    55 |    47 ||   102
    Use: Scroll            |     6 |       ||     6
         Potion            |       |     3 ||     3
   Stab: Sleeping          |       |     1 ||     1
 Armour: Skin              |    10 |    40 ||    50
  Dodge: Dodged            |    19 |    30 ||    49
